cohdb
Replays
Latest Replays
All Replays
Popular Replays
Top Player Replays
Match Explorer
How It Works
Community
CoH3 Stats
Reddit
Sign in to upload your games and track your stats! →
Sign in with Steam
Match 42253837
Unlisted
Match 42253837
Overview
Messages
Build Orders
End
Panzerpioneer Squad
Panzerpioneer Squad
Kradschützen Motorcycle Team
Selects Battlefield Espionage Battlegroup
Panzerpioneer Squad
Panzerpioneer Squad
Construct Light Support Kompanie
MG34 Team
2.5-tonne Medical Truck
Fire Support Elements
Veteran Squad Leaders
Flakvierling Half-track
MG34 Team
Selects Intel Disruption Beacon
Selects Transfer Depots
Panzerpioneer Squad
Panzerpioneer Squad
Construct Panzerarmee Kommand
Pak 38 Mechanized Group
Vehicle Survival Package
Armored Reserves
Selects Firestorm
Selects 250/3 Funkpanzerwagen
Emergency Repair Kits
Selects Anti-Tank Incendiary Munitions
Walking Stuka Rocket Launcher
Firestorm
Walking Stuka Rocket Launcher
2.5-tonne Medical Truck
MG34 Team
MG34 Team
Panzer IV Assault Group
Firestorm
Rapid Advance
Tungsten Core Ammunition
Tiger Heavy Tank
Selects Operation Skorpion
UH|dun! ツ
UH|ck
Aggressive_red
T1me Warp
0
0
Comments
sign in to comment!
No comments posted yet!